 Dungeon Crawl Stone Soup version 0.25.1-1-g288607f5aa (webtiles) character file.

Game seed: 2500239821034792418

1420 Acheron the Ruffian (level 8, -6/75 HPs)
             Began as a Troll Warper on July 23, 2020.
             Was an Initiate of Okawaru.
             Shot with an arrow by a centaur warrior (14 damage)
             ... on level 8 of the Dungeon.
             The game lasted 00:25:31 (5541 turns).

Acheron the Ruffian (Troll Warper)                  Turns: 5541, Time: 00:25:31

Health: -6/75      AC:  8    Str: 20    XL:     8   Next: 43%
Magic:  10/10      EV: 11    Int: 10    God:    Okawaru [......]
Gold:   127        SH:  0    Dex: 10    Spells: 6/11 levels left

rFire    . . .     SeeInvis .     - Unarmed
rCold    + . .     Gourm    +   (no shield)
rNeg     . . .     Faith    .   a - +0 robe
rPois    .         Spirit   .   (helmet restricted)
rElec    .         Reflect  .   q - +1 cloak
rCorr    +         Harm     .   (gloves unavailable)
MR       .....                  (boots unavailable)
Stlth    ++........             (no amulet)
HPRegen  0.62/turn              w - ring of resist corrosion
MPRegen  0.12/turn              C - ring of protection from cold

@: hasted, very quick
A: large, unfitting armour, claws 3, fast metabolism 3, gourmand, regeneration
1, shaggy fur 1, tough skin 3
a: Renounce Religion


You were on level 8 of the Dungeon.
You worshipped Okawaru.
Okawaru was noncommittal.
You were completely stuffed.

You visited 2 branches of the dungeon, and saw 10 of its levels.

You collected 289 gold pieces.
You spent 162 gold pieces at shops.

Inventory:

Hand Weapons
 v - a +0 short sword
 y - a +0 giant spiked club
 B - a +1 war axe
Missiles
 b - 4 atropa-tipped darts
 d - 82 sling bullets
 h - 5 boomerangs
 r - 15 stones (quivered)
 s - 2 poisoned darts
 x - 3 datura-tipped darts
Armour
 a - a +0 robe (worn)
 q - a +1 cloak (worn)
Jewellery
 u - an uncursed amulet of faith
 w - a ring of resist corrosion (left claw)
 C - a ring of protection from cold (right claw)
Wands
 e - a wand of disintegration (13)
 t - a wand of flame (14)
 G - a wand of acid (7)
Scrolls
 c - 3 scrolls of blinking
 l - a scroll of enchant weapon
 m - 5 scrolls of teleportation
 n - 4 scrolls of amnesia
 o - 2 scrolls of fog
 p - a scroll of immolation
 z - 6 scrolls of remove curse
 E - a scroll of identify
 H - a scroll of fear
Potions
 g - a potion of might
 i - 3 potions of mutation
 j - 2 potions of lignification {unknown}
 k - 4 potions of curing
 D - a potion of magic {unknown}
 I - a potion of invisibility {unknown}
Comestibles
 f - 15 rations
 F - a chunk of flesh


   Skills:
 * Level 3.2 Fighting
 * Level 2.8 Throwing
 * Level 3.6 Dodging
 * Level 1.8 Stealth
 * Level 5.5 Unarmed Combat
 * Level 2.3 Spellcasting
 * Level 1.3 Charms
 * Level 3.1 Translocations
 * Level 1.8 Evocations


You had 6 spell levels left.
You knew the following spells:

 Your Spells              Type           Power        Failure   Level  Hunger
a - Apportation           Tloc           #.....       9%          1    ##.....
b - Blink                 Tloc           N/A          13%         2    ###....
c - Shroud of Golubria    Chrm/Tloc      #.....       19%         2    ###....

Your spell library contained the following spells:

 Spells                   Type           Power        Failure   Level  Hunger
 Gell's Gravitas          Tloc           #.........   26%         3    ####...
 Lesser Beckoning         Tloc           #.........   26%         3    ####...
 Teleport Other           Tloc           #.......     26%         3    ####...
 Animate Skeleton         Necr           N/A          30%         1    ##.....
 Corona                   Hex            #......      30%         1    ##.....
 Summon Small Mammal      Summ           #...         30%         1    ##.....
 Passage of Golubria      Tloc           N/A          63%         4    #####..


Dungeon Overview and Level Annotations

Branches:
Dungeon (9/15)             Temple (1/1) D:7
   Lair: D:8-11         Orc: D:9-12

Altars:
Ashenzari
Cheibriados
Dithmenos
Elyvilon
Fedhas
Gozag
Hepliaklqana
Kikubaaqudgha
Makhleb
Nemelex Xobeh
Okawaru
Qazlal
Ru
Sif Muna
Trog
Uskayaw
Vehumet
Wu Jian
Xom
Yredelemnul
Zin

Shops:
D:5 *


Innate Abilities, Weirdness & Mutations

You are too large for most types of armour.
You have claws for hands.
Your metabolism is lightning-fast.
You like to eat raw meat.
Your natural rate of healing is unusually fast.
You are covered in fur. (AC +1)
You have extremely tough skin. (AC +3)


Message History

An orc comes into view.
A centaur warrior comes into view.
The centaur warrior shouts!
The centaur warrior wields a +0 shortbow.
The centaur warrior shoots an arrow.
The arrow hits you!!
You see here an arrow.
The centaur warrior shoots an arrow.
The arrow hits you!
You see here an arrow.
The centaur warrior shoots an arrow.
The arrow hits you!!
* * * LOW HITPOINT WARNING * * *
You see here an arrow.
The centaur warrior shoots an arrow.
The arrow hits you!
* * * LOW HITPOINT WARNING * * *
The centaur warrior shoots an arrow.
The arrow hits you.
* * * LOW HITPOINT WARNING * * *
You see here 2 arrows.
You feel yourself speed up.
The centaur warrior shoots an arrow.
The arrow closely misses you.
The centaur warrior shoots an arrow.
The arrow hits you!
You die...

#....#.### ##.#.#
#(#.##.# ≈≈..#
######(.s.(.##≈# #≈..#
#......((.#....≈# #≈..#
#.######.(c....≈#+#≈..
#######.#.##.≈≈.≈≈.####
##__.###.#.............#
#_.....#.#....<.......(##
###..###@#.##..#..#<#.#.#
#....._#.............###.
###..###.........<..## ##
#_...._###.#####..#..###.
###..### #.>...>......#.#
#....._# ##.#######.##..#
###..### #.# #.....#.#
#....._# #.# #.....#.#
##8..8## #.# #.....#.#


You could see a centaur warrior and a scorpion.

Vanquished Creatures
  A sky beast (D:7)
  2 ogres
  2 ice beasts
  4 centaurs
  2 bullfrogs
  2 crimson imps
  2 hounds
  An orc priest (D:7)
  A centaur skeleton (D:5)
  An orc wizard (D:6)
  A bullfrog skeleton (D:5)
  An iguana (D:7)
  2 worker ants
  A hound zombie (D:5)
  4 gnolls (D:6)
  6 adders
  A shadow imp (D:4)
  An ooze (D:3)
  A worm (D:2)
  A dart slug (D:2)
  4 leopard geckos
  13 orcs
  9 bats
  7 giant cockroaches
  9 goblins
  4 hobgoblins
  16 jackals
  5 kobolds
  4 quokkas
  2 ball pythons
  A ball python skeleton (D:4)
  2 frilled lizards
  A giant cockroach zombie (D:6)
  A jackal skeleton (D:4)
  2 leopard gecko skeletons
  7 rats
124 creatures vanquished.

Notes
Turn   | Place    | Note
-------+----------+-------------------------------------------
     0 | D:1      | Acheron the Troll Warper began the quest for the Orb.
     0 | D:1      | Reached XP level 1. HP: 19/19 MP: 1/1
   179 | D:1      | Reached skill level 1 in Throwing
   535 | D:1      | Reached XP level 2. HP: 28/28 MP: 2/2
   542 | D:1      | Learned a level 2 spell: Blink
  1333 | D:2      | Reached XP level 3. HP: 35/35 MP: 4/4
  1698 | D:2      | Reached XP level 4. HP: 42/42 MP: 5/5
  1705 | D:2      | Found a shattered altar of Ashenzari.
  2209 | D:2      | Reached skill level 3 in Unarmed Combat
  2390 | D:3      | Found a sacrificial altar of Ru.
  2669 | D:4      | Noticed an ogre
  2698 | D:4      | Killed an ogre
  2698 | D:4      | Reached XP level 5. HP: 36/49 MP: 6/6
  2793 | D:4      | Found a glowing silver altar of Zin.
  2794 | D:4      | Found an opulent altar of Gozag.
  3064 | D:4      | Reached skill level 1 in Stealth
  3330 | D:5      | Entered Level 5 of the Dungeon
  3410 | D:5      | Reached XP level 6. HP: 58/59 MP: 7/7
  3437 | D:5      | Learned a level 2 spell: Shroud of Golubria
  3523 | D:5      | Reached skill level 1 in Evocations
  3582 | D:5      | Reached skill level 4 in Unarmed Combat
  3587 | D:5      | Reached XP level 7. HP: 47/66 MP: 8/8
  3688 | D:5      | Found Homuum's Assorted Antiques.
  3904 | D:5      | Bought a scroll labeled LENWEVIJIQ for 27 gold pieces
  3904 | D:5      | Bought a wand of disintegration (12) for 108 gold pieces
  3904 | D:5      | Bought a scroll labeled QYNE XUAKAPS for 27 gold pieces
  4132 | D:6      | Learned a level 1 spell: Apportation
  4482 | D:6      | Reached skill level 1 in Charms
  4791 | D:6      | Reached skill level 5 in Unarmed Combat
  4791 | D:6      | Reached XP level 8. HP: 75/75 MP: 10/10
  4967 | D:7      | Noticed a hippogriff
  5216 | D:7      | Found a staircase to the Ecumenical Temple.
  5223 | Temple   | Entered the Ecumenical Temple
  5281 | Temple   | Became a worshipper of Warmaster Okawaru
  5447 | D:8      | Found a blossoming altar of Fedhas.
  5451 | D:8      | Found a burning altar of Makhleb.
  5453 | D:8      | Found a shattered altar of Ashenzari.
  5453 | D:8      | Found a white marble altar of Elyvilon.
  5453 | D:8      | Found a stormy altar of Qazlal.
  5454 | D:8      | Found a shimmering blue altar of Sif Muna.
  5455 | D:8      | Found a shimmering altar of Xom.
  5458 | D:8      | Found a hide-covered altar of Uskayaw.
  5516 | D:8      | Found a hazy altar of Hepliaklqana.
  5519 | D:8      | Found a bloodstained altar of Trog.
  5532 | D:8      | Noticed a centaur warrior
  5541 | D:8      | Shot with an arrow by a centaur warrior

Illustrated notes

Levels and vault maps discovered:
D:1:      mainiacjoe_arrival_reflecting_pool, layout_basic, lemuel_old_faithful
D:2:      layout_basic, evilmike_ruin_ashenzari
D:3:      layout_basic, st_stairs_12, hangedman_ru_absence
D:4:      layout_cave_pools, grunt_temple_overflow_gold_and_silver, first_ration
D:5:      layout_basic, serial_shops, nicolae_shop_statue_plus
D:6:      layout_loops_ring
D:7:      layout_loops_ring, minmay_temple_entry_steel_oval, ebering_ghost_xom,
          grunt_livestock, uniq_maggie
D:8:      nicolae_whirlpool, layout_loops_cross, minitemple,
          kennysheep_mini_moat, chequers_temple_overflow_statue_of_worship
D:9:      layout_rooms, erik_lair_island, serial_glass, glass_columns_a,
          glass_columns_b, glass_columns_a, glass_columns_b, feat_on_display,
          due_unseen_surprise, minmay_strange_pillars, serial_shops, shop,
          uniq_joseph
Temple:   jpeg_temple_island

Skill      XL: |  1  2  3  4  5  6  7 |
---------------+----------------------+-----
Dodging        | 2 3 |  3.6
Throwing       | 1 2 |  2.8
Fighting       | 2 3 |  3.2
Unarmed Combat | 3 4 5 |  5.5
Stealth        | 1 |  1.8
Evocations     | 1 |  1.8
Spellcasting   | 2 |  2.3
Charms         | 1 |  1.3
Translocations | 3 |  3.1

Action                   |  1- 3 |  4- 6 |  7- 9 || total
-------------------------+-------+-------+-------++-------
Melee: Unarmed           |    95 |   121 |   163 ||   379
       Punch             |     1 |     1 |     1 ||     3
Throw: Boomerang         |     6 |       |       ||     6
       Stone             |     4 |       |     8 ||    12
 Cast: Blink             |       |     1 |       ||     1
Evoke: Wand              |       |     1 |     4 ||     5
  Use: Scroll            |       |     4 |    11 ||    15
       Potion            |       |       |     2 ||     2
 Stab: Sleeping          |       |     1 |     3 ||     4
  Eat: Chunk             |    21 |    17 |    18 ||    56
Armor: Robe              |    48 |    58 |    57 ||   163
Dodge: Dodged            |    56 |    66 |    65 ||   187
